 Dungeon Crawl Stone Soup version 0.32-a0-401-g0bcb2a7693 (webtiles) character file.

Game seed: 10754728676609141234

62 GordonOverkill the Sneak (level 3, -3/20 HPs)
             Began as a Spriggan Delver on Feb 20, 2024.
             Slain by a gnoll zombie (4 damage)
             ... in an ossuary.
             The game lasted 00:02:16 (275 turns).

GordonOverkill the Sneak (Spriggan Delver)           Turns: 275, Time: 00:02:16

Health: -3/20      AC:  2    Str:  8    XL:     3   Next: 85%
Magic:  7/8        EV: 17    Int: 13    God:
Gold:   22         SH:  0    Dex: 16    Spells: 7/7 levels left

rFire   + . .        a - +0 short sword
rCold   + . .        (no shield)
rNeg    . . .        b - +0 robe
rPois   .            (helmet restricted)
rElec   .            h - scarf {rC+ rF+}
rCorr   .            (gloves unavailable)
SInv    +            (boots unavailable)
Will    .....        (no amulet)
Stlth   ++++         (no ring)
HPRegen 0.23/turn    (no ring)
MPRegen 0.11/turn

%: no passive effects
@: hasted, very quick
A: very small, no large weapons, unfitting armour, see invisible, speed 3
a: no special abilities


You were in an ossuary.
You visited 1 branch of the dungeon, and saw 3 of its levels.
You also visited: Ossuary.

You collected 22 gold pieces.

Inventory:

Hand Weapons
 a - a +0 short sword (weapon)
Armour
 b - a +0 robe (worn)
 h - a scarf of resistance (worn)
Wands
 g - a wand of digging (3)
Scrolls
 c - a scroll of fog
 d - a scroll of revelation
 e - a scroll of fear


   Skills:
 - Level 3.0 Fighting
 - Level 3.0 Short Blades
 - Level 2.6 Dodging
 - Level 7.2 Stealth
 + Level 2.8 Spellcasting


You had 7 spell levels left.
You didn't know any spells.
Your spell library was empty.

Dungeon Overview and Level Annotations

Branches:
Dungeon (7/15)            Ossuary (1/1)
 Temple: D:4-7

Altars:

Portals:
Abyss: D:7

Annotations:
D:7 2 transporters, Asfel's ghost, novice DsBe


Innate Abilities, Weirdness & Mutations

You are very small and have problems with some larger weapons.
You are too small for most types of armour.
You have supernaturally acute eyesight. (SInv)
You cover ground extremely quickly. (Speed+++)


Message History

The gnoll zombie misses you.
You barely miss the jackal zombie. You barely miss the jackal zombie.
The jackal zombie closely misses you.
You hit the jackal zombie.
The jackal zombie is moderately damaged.
The jackal zombie bites you.
* * * LOW HITPOINT WARNING * * *
You hit the jackal zombie.
The jackal zombie is severely damaged.
The gnoll zombie closely misses you.
The jackal zombie bites you but does no damage.
You barely miss the jackal zombie.
The jackal zombie is severely damaged.
The hound zombie bites you.
* * * LOW HITPOINT WARNING * * *
The jackal zombie attacks as it pursues you!
The jackal zombie misses you.
The gnoll zombie attacks as it pursues you!
The gnoll zombie hits you.
* * * LOW HITPOINT WARNING * * *
A hound zombie and an orc zombie come into view.
A kobold zombie comes into view.
A gnoll zombie comes into view.
An adder zombie comes into view.
The orc zombie completely misses you.
The helpless adder zombie fails to defend itself.
You impale the adder zombie!!
You destroy the adder zombie!
A gnoll zombie comes into view.
A centaur zombie comes into view.
A jackal zombie comes into view.
A hound zombie comes into view.
A gnoll zombie comes into view.
The centaur zombie hits you.
* * * LOW HITPOINT WARNING * * *
The centaur zombie kicks you.
* * * LOW HITPOINT WARNING * * *
The gnoll zombie attacks as it pursues you!
The gnoll zombie misses you. The gnoll zombie hits you.
You die...

...# #Z..# ..Z# ....
..Z# ZZ.# #.... ...#
.Z.# .... ...# ..Z#
#^^# ...# ...# #^.#
...# ...# #.^# ...#
...######^^######...#
....ZZ.........Z@...#
....Z.Z.ß..ß...ZZZ..#
.................Z..#
.......Z............#
#####################


You could see a jackal zombie (dormant), 2 hound zombies, 2 gnoll zombies and a
centaur zombie.

Vanquished Creatures
  A scorpion (D:6)
  An adder zombie (Ossuary)
  A kobold zombie (Ossuary)
3 creatures vanquished.

Notes
Turn   | Place    | Note
-------+----------+-------------------------------------------
     0 | D:5      | GordonOverkill the Spriggan Delver began the quest for the
                  | Orb.
     0 | D:5      | Reached XP level 1. HP: 11/11 MP: 2/2
     1 | D:6      | Noticed a scorpion
     4 | D:6      | Killed a scorpion
     5 | D:6      | Reached skill level 1 in Spellcasting
     5 | D:6      | Reached XP level 2. HP: 16/16 MP: 2/6
     5 | D:6      | Reached XP level 3. HP: 20/20 MP: 2/7
    18 | D:7      | Found a one-way gate to the infinite horrors of the Abyss.
    18 | D:7      | Found a transporter.
    18 | D:7      | Noticed Asfel's ghost (novice DsBe)
    21 | D:7      | Noticed an orc warrior
    28 | D:7      | Found a transporter.
   142 | D:7      | Noticed a hellwing
   173 | D:7      | Found a sand-covered staircase.
   182 | Ossuary  | Entered an ossuary
   272 | Ossuary  | HP: 1/20 [centaur zombie (2)]
   275 | Ossuary  | Slain by a gnoll zombie

Illustrated notes

Levels and vault maps discovered:
D:5:      minmay_goblin_kobold_castle, layout_basic
D:6:      layout_rooms, portal_sewer_entry_c
D:7:      layout_cave_pods, gammafunk_ghost_abyssal_escape,
          nicolae_ossuary_entry_monument, nrook_campfire, nicolae_letterblocks
          [nicolae_letter_subblock, nicolae_letter_subblock,
          nicolae_letter_subblock, nicolae_letter_subblock,
          nicolae_letter_subblock, nicolae_letter_subblock,
          nicolae_letter_subblock, nicolae_letter_subblock,
          nicolae_letter_subblock, nicolae_letter_subblock,
          nicolae_letter_subblock, nicolae_letter_subblock,
          nicolae_letter_subblock, nicolae_letter_subblock,
          nicolae_letter_subblock, nicolae_letter_subblock,
          nicolae_letter_subblock, nicolae_letter_subblock,
          nicolae_letter_subblock, nicolae_letter_subblock,
          nicolae_letter_subblock, nicolae_letter_subblock,
          nicolae_letter_subblock, nicolae_letter_subblock,
          nicolae_letter_subblock]
Ossuary:  ossuary_tomb_1

Skill      XL: |  1 |
---------------+----+-----
Fighting       | 3 |  3.0
Short Blades   | 3 |  3.0
Spellcasting   | 2 |  2.8
Dodging        | |  2.6
Stealth        | |  7.2

Action                     || total
---------------------------++-------
  Melee: Short sword       ||    20
    Use: Potion            ||     1
   Stab: Sleeping          ||     2
 Armour: Robe              ||    17
  Dodge: Dodged            ||    32

Table legend: (Time is in decaauts)
 A = Elapsed time spent in this place.
 B = Non-inter-level travel time spent in this place.
 C = Inter-level travel time spent in this place.
 D = Time resting spent in this place.
 E = Time spent auto-exploring this place.
 F = Levels seen in this place.
 G = Mean time per level.
                   A        B        C        D        E       F      G
               +--------+--------+--------+--------+--------+-----+--------+
         Total |    166 |    166 |      0 |      0 |      0 |   4 |   41.5 |
       Dungeon |    114 |    114 |      0 |      0 |      0 |   3 |   38.0 |
       Ossuary |     52 |     52 |      0 |      0 |      0 |   1 |   52.0 |
               +--------+--------+--------+--------+--------+-----+--------+

Top non-repeatable levels by time:
     D:7: 106 daAuts
 Ossuary: 52 daAuts
     D:6: 6 daAuts
     D:5: 1 daAuts
